 Dungeon Crawl Stone Soup version 0.23-a0-767-gdc19b93d68 (webtiles) character file.

3373 Hercules1031 the Blocker (level 10, -7/118 HPs)
             Began as a Formicid Fighter on Jan 28, 2019.
             Was a Believer of Ashenzari.
             Mangled by an orc warrior
             ... wielding a cursed -3 trident
              (12 damage)
             ... on level 8 of the Dungeon.
             The game lasted 00:26:19 (6129 turns).

Hercules1031 the Blocker (Formicid Fighter)         Turns: 6129, Time: 00:26:19

Health: -7/118     AC: 25    Str: 24    XL:     10   Next: 23%
Magic:  6/10       EV:  2    Int:  8    God:    Ashenzari [**....]
Gold:   276        SH: 13    Dex: 10    Spells: 9/9 levels left

rFire    . . .     SeeInvis .   a - +1 quarterstaff
rCold    . . .     Gourm    .   c - +1 shield (curse)
rNeg     + + +     Faith    .   (armour currently unavailable)
rPois    +         Spirit   .   (helmet unavailable)
rElec    .         Reflect  .   (cloak currently unavailable)
rCorr    .         Harm     .   (gloves currently unavailable)
MR       +....                  (boots currently unavailable)
Stlth    +.........             (no amulet)
HPRegen  0.29/turn              i - ring of positive energy
MPRegen  0.12/turn              (no ring)

@: lethally poisoned (-7 -> -7), tree-form
A: permanent stasis, dig shafts and tunnels, four strong arms
a: Curse Item, Scrying, Renounce Religion


You were on level 8 of the Dungeon.
You worshipped Ashenzari.
Ashenzari was pleased with you.
You were not hungry.
You were a tree.
You visited 1 branch of the dungeon, and saw 8 of its levels.
You also visited: Sewer.

You collected 309 gold pieces.
You spent 33 gold pieces at shops.

Inventory:

Hand Weapons
 a - a +1 quarterstaff (weapon)
Armour
 b - a +0 scale mail
 c - a cursed +1 shield (worn)
 e - a +0 chain mail
 j - a +0 robe
 m - a +1 pair of boots (melded)
 q - a cursed scarf of spirit shield (melded)
 t - a cursed +0 plate armour (melded)
Jewellery
 i - a ring of positive energy (left branch)
Wands
 l - a wand of acid (10)
Scrolls
 g - 3 scrolls of enchant weapon
 h - a scroll of identify
 k - 2 scrolls of fear
Potions
 d - 3 potions of brilliance
 o - 3 potions of flight
Comestibles
 f - 12 rations


   Skills:
 + Level 7.5 Fighting
 + Level 6.5 Staves
 + Level 7.5 Armour
 + Level 5.5 Dodging
 + Level 8.3(9.8) Shields


You had 9 spell levels left.
You didn't know any spells.
Your spell library contained the following spells:

 Spells                   Type           Power        Failure   Level  Hunger
 Corona                   Hex            #......      41%         1    ##.....
 Magic Dart               Conj           #...         41%         1    ##.....
 Ensorcelled Hibernation  Hex/Ice        #.....       54%         2    ###....
 Searing Ray              Conj           #.....       54%         2    ###....
 Confuse                  Hex            #.......     78%         3    ####...
 Dazzling Spray           Conj/Hex       #.....       78%         3    ####...
 Tukima's Dance           Hex            #.......     78%         3    ####...
 Force Lance              Conj/Tloc      #.......     99%         4    #####..
 Fulminant Prism          Conj/Hex       #.........   99%         4    #####..
 Iskenderun's Mystic Bla  Conj           #.......     99%         4    #####..


Dungeon Overview and Level Annotations

Branches:
Dungeon (8/15)             Temple (0/1) D:6
   Lair: D:8-11

Altars:
Ashenzari
Gozag
Hepliaklqana
Kikubaaqudgha
Makhleb
Okawaru
Qazlal
Ru
Sif Muna
Vehumet

Shops:
D:6 (%[!   D:7 [

Annotations:
D:8 Maurice


Innate Abilities, Weirdness & Mutations

You cannot be hasted, slowed, berserked, paralysed or teleported.
You can dig through walls and to a lower floor.
Your four strong arms can wield two-handed weapons with a shield.
((You have a pair of large antennae on your head. (SInv)))


Message History

Something hits you but does no damage.
You closely miss something.
You feel sick.
The orc warrior hits you but does no damage.
You hear a zap.
Something tries to affect you, but you resist.
You miss something.
Unknown command.
You barely miss something.
You hear a zap.
You are blasted!
* * * LOW HITPOINT WARNING * * *
You block the orc warrior's attack.
Unknown command.
You hit something. Something hits you but does no damage.
You block the orc warrior's attack.
Unknown command.
You barely miss something.
You feel sick. Something hits you but does no damage.
The orc warrior hits you from afar with a cursed -3 trident!
You die...

* * * * , * * #
* .# * ##.#### *
, , *....... ,
.......
#####o......
#(.♣{o...... ,
#####.###o......
, #...#)#
....... *
#.#.#.# .......
#.#(#.# *.......
, #.#.#.#
####### #.#.#.#
#.#.#.#
#.#.#.#######*


You could see an orc warrior and 2 orcs.

Vanquished Creatures
  Harold (D:7)
  Grinder (Sewer)
  Sigmund (D:2)
  Eustachio (D:4)
  A wyvern (D:8)
  Menkaure (D:5)
  Duvessa (D:4)
  A sky beast (D:5)
  4 centaurs
  2 big kobolds (Sewer)
  Dowan (D:4)
  4 killer bees (D:7)
  3 howler monkeys
  A jelly (D:6)
  A bullfrog zombie (D:7)
  3 crimson imps
  A quasit (Sewer)
  3 orc priests
  5 hounds
  4 orc wizards
  3 worker ants
  A big kobold zombie (Sewer)
  A hound skeleton (D:7)
  A howler monkey zombie (D:6)
  A worker ant zombie (D:6)
  10 adders
  A river rat (D:5)
  3 shadow imps (Sewer)
  3 ufetubi (Sewer)
  5 oozes
  3 worms
  2 dart slugs
  4 leopard geckos
  13 orcs
  10 bats
  4 giant cockroaches
  11 goblins
  5 hobgoblins
  3 jackals (D:7)
  28 kobolds
  8 quokkas
  2 ball pythons
  7 frilled lizards
  A quokka skeleton (D:6)
  7 rats
  A butterfly (D:6)
178 creatures vanquished.

Vanquished Creatures (others)
  An ooze (Sewer)
1 creature vanquished.

Grand Total: 179 creatures vanquished

Notes
Turn   | Place    | Note
-------+----------+-------------------------------------------
     0 | D:1      | Hercules1031 the Formicid Fighter began the quest for the
                  | Orb.
     0 | D:1      | Reached XP level 1. HP: 18/18 MP: 1/1
    70 | D:1      | Reached XP level 2. HP: 16/24 MP: 2/2
   363 | D:1      | Reached XP level 3. HP: 28/29 MP: 3/3
   783 | D:2      | Reached skill level 4 in Shields
   838 | D:2      | Reached skill level 1 in Dodging
   880 | D:2      | Found a burning altar of Makhleb.
   910 | D:2      | Reached XP level 4. HP: 37/37 MP: 4/4
  1169 | D:2      | Noticed Sigmund
  1182 | D:2      | Killed Sigmund
  1182 | D:2      | Reached XP level 5. HP: 42/42 MP: 2/5
  1182 | D:2      | Reached XP level 6. HP: 48/48 MP: 2/6
  1245 | D:2      | Found a radiant altar of Vehumet.
  1245 | D:2      | Found an ancient bone altar of Kikubaaqudgha.
  1247 | D:2      | Found a deep blue altar of Sif Muna.
  1258 | D:2      | Identified Vehumet's Grimoire of Attacks
  1584 | D:3      | Found a shattered altar of Ashenzari.
  1595 | D:3      | Became a worshipper of Ashenzari the Shackled
  2216 | D:4      | Noticed Eustachio
  2265 | D:4      | Killed Eustachio
  2265 | D:4      | Reached skill level 5 in Shields
  2265 | D:4      | Reached XP level 7. HP: 42/55 MP: 7/7
  2357 | D:4      | Noticed Dowan
  2358 | D:4      | Noticed Duvessa
  2373 | D:4      | Killed Duvessa
  2381 | D:4      | Killed Dowan
  2381 | D:4      | Reached skill level 5 in Fighting
  2381 | D:4      | Reached skill level 5 in Armour
  2735 | D:5      | Entered Level 5 of the Dungeon
  2841 | D:5      | Reached XP level 8. HP: 59/62 MP: 8/8
  3024 | D:5      | Noticed Menkaure
  3044 | D:5      | Killed Menkaure
  3044 | D:5      | Reached skill level 6 in Shields
  3115 | D:5      | Reached * piety under Ashenzari
  3281 | D:5      | Found a glowing drain.
  3285 | Sewer    | Entered a sewer
  3719 | Sewer    | Found a burning altar of Makhleb.
  3769 | Sewer    | Noticed Grinder
  3799 | Sewer    | Killed Grinder
  3799 | Sewer    | Reached skill level 5 in Staves
  3799 | Sewer    | Reached XP level 9. HP: 69/69 MP: 9/9
  4179 | D:6      | Reached skill level 7 in Shields
  4246 | D:6      | Found Pienonn's Food Boutique.
  4280 | D:6      | Found Pomihis's Antique Armour Shoppe.
  4325 | D:6      | Found Ucisonwu's Weapon Shop.
  4577 | D:6      | Found a staircase to the Ecumenical Temple.
  4637 | D:6      | Found Esif's Distillery.
  4691 | D:6      | Bought a potion of curing for 33 gold pieces
  5040 | D:7      | Found Ukaumotu's Antique Armour Boutique.
  5141 | D:7      | Found a stormy altar of Qazlal.
  5379 | D:7      | Reached skill level 5 in Dodging
  5442 | D:7      | Found an opulent altar of Gozag.
  5443 | D:7      | Found a hazy altar of Hepliaklqana.
  5444 | D:7      | Found an iron altar of Okawaru.
  5444 | D:7      | Found a sacrificial altar of Ru.
  5444 | D:7      | Noticed Harold
  5457 | D:7      | Killed Harold
  5457 | D:7      | Reached skill level 8 in Shields
  5457 | D:7      | Reached XP level 10. HP: 18/79 MP: 3/10
  5998 | D:7      | Reached ** piety under Ashenzari
  6107 | D:8      | Noticed Maurice
  6129 | D:8      | HP: 5/118 [poisoned by an orc]
  6129 | D:8      | Mangled by an orc warrior

Vault maps used:
D:1:      minmay_arrival_radiant_lines
D:2:      grunt_temple_overflow_magic_moments, lemuel_statue_altar, uniq_sigmund
D:3:      old_standard_altar
D:4:      uniq_duvessa, uniq_eustachio
D:5:      first_ration, gup_sewer_entry_bowl, hangedman_abyss_or_decor_stagger,
          uniq_menkaure
D:6:      minmay_temple_entry_butterflies, serial_shops,
          nicolae_shop_statue_plus, nicolae_shop_competitors_out_of_business,
          shop, shop
D:7:      chequers_temple_overflow_statue_of_worship, overflow_temple_1_default,
          serial_shops, shop_fountains, uniq_harold
D:8:      enter_bailey_3, basic_altar, uniq_joseph, uniq_maurice, uniq_pikel
Sewer:    kennysheep_sewer_church

Skill      XL: |  1  2  3  4  5  6  7  8  9 |
---------------+----------------------------+-----
Shields        | 4 5 6 8 |  8.3
Dodging        | 1 2 3 4 5 |  5.5
Fighting       | 4 5 6 7 |  7.5
Staves         | 3 4 5 6 |  6.5
Armour         | 4 5 6 7 |  7.5

Action                   |  1- 3 |  4- 6 |  7- 9 | 10-12 || total
-------------------------+-------+-------+-------+-------++-------
Melee: Quarterstaff      |   103 |   115 |   491 |    48 ||   757
Invok: Curse Item        |       |     3 |       |       ||     3
 Abil: Dig               |       |     1 |       |       ||     1
  Use: Potion            |     2 |     3 |    15 |     1 ||    21
       Scroll            |       |     6 |     5 |       ||    11
  Eat: Ration            |       |     3 |     4 |       ||     7
Armor: Scale mail        |    22 |       |       |       ||    22
       Chain mail        |    36 |    49 |       |       ||    85
       Plate armour      |       |    23 |   305 |     7 ||   335
       Skin              |       |       |     3 |    11 ||    14
Dodge: Dodged            |    34 |    44 |   193 |     8 ||   279
Block: Shield            |    58 |   119 |   426 |    25 ||   628

Table legend:
 A = Non-vault XP
 B = Vault XP
 C = Vault XP percentage of total XP
 D = Non-vault monster count
 E = Vault monster count
 F = Vault count percentage of total count
                 A         B        C        D         E       F
            +---------+---------+-------+---------+---------+-------
      Total |    2371 |    2448 |  50.8 |     134 |      43 |  24.3
            +---------+---------+-------+---------+---------+-------
        D:1 |      36 |       0 |   0.0 |      20 |       0 |   0.0
        D:2 |      76 |     227 |  74.9 |      29 |       1 |   3.3
        D:3 |      27 |       0 |   0.0 |      11 |       0 |   0.0
        D:4 |     166 |     422 |  71.8 |       8 |       3 |  27.3
        D:5 |     394 |     197 |  33.3 |      15 |       5 |  25.0
        D:6 |     659 |       0 |   0.0 |      20 |       0 |   0.0
        D:7 |     820 |     970 |  54.2 |      28 |       1 |   3.4
        D:8 |     193 |       0 |   0.0 |       3 |       0 |   0.0
      Sewer |       0 |     632 | 100.0 |       0 |      33 | 100.0
            +---------+---------+-------+---------+---------+-------
